 Dungeon Crawl Stone Soup version 0.27.0 (webtiles) character file.

Game seed: 5174371255298609961

141 mhtbhm the Skirmisher (level 5, 0/47 HPs)
             Began as a Minotaur Fighter on July 30, 2021.
             Was a Believer of Qazlal.
             Killed from afar by Natasha (9 damage)
             ... with a puff of flame
             ... on level 2 of the Dungeon.
             The game lasted 00:01:26 (1681 turns).

mhtbhm the Skirmisher (Minotaur Fighter)            Turns: 1681, Time: 00:01:27

Health: 0/47       AC:  8    Str: 21    XL:     5   Next: 3%
Magic:  5/5        EV:  7    Int:  5    God:    Qazlal [**....]
Gold:   76         SH: 12    Dex: 10    Spells: 4/4 levels left

rFire    . . .     SeeInvis .   a - +0 trident
rCold    . . .     Faith    .   c - +0 kite shield
rNeg     . . .     Spirit   .   b - +0 scale mail
rPois    .         Reflect  .   (helmet restricted)
rElec    .         Harm     .   (no cloak)
rCorr    .         Rampage  .   k - +0 pair of gloves
Will     .....                  (no boots)
Stlth    ..........             (no amulet)
HPRegen  0.15/turn              (no ring)
MPRegen  0.09/turn              (no ring)

@: mighty
A: horns 2, retaliatory headbutt
a: Renounce Religion, Upheaval


You were on level 2 of the Dungeon.
You worshipped Qazlal.
Qazlal was pleased with you.
You visited 1 branch of the dungeon, and saw 2 of its levels.

You collected 76 gold pieces.

Inventory:

Hand Weapons
 a - a +0 trident (weapon)
Armour
 b - a +0 scale mail (worn)
 c - a +0 kite shield (worn)
 k - a +0 pair of gloves (worn)
Wands
 m - a wand of iceblast (12)
Scrolls
 e - a scroll of teleportation {unknown}
 f - a scroll of torment {unknown}
 j - a scroll of enchant weapon {unknown}
 n - a scroll of magic mapping {unknown}
Potions
 g - 2 potions of haste
 h - a potion of curing {unknown}
 i - a potion of attraction {unknown}
 l - a potion of brilliance {unknown}


   Skills:
 + Level 4.6 Fighting
 + Level 3.7 Polearms
 + Level 4.3 Armour
 + Level 0.1 Dodging
 + Level 0.1 Stealth
 + Level 4.3 Shields
 * Level 1.6 Invocations


You had 4 spell levels left.
You didn't know any spells.
Your spell library contained the following spells:

 Spells                   Type           Power      Damage    Failure   Level
 Summon Small Mammal      Summ           0%         N/A       99%         1
 Corpse Rot               Necr/Air       N/A        N/A       100%        2
 Passwall                 Tmut/Erth      0%         N/A       100%        2
 Poisonous Vapours        Pois/Air       0%         N/A       100%        2
 Call Canine Familiar     Summ           0%         N/A       100%        3
 Summon Guardian Golem    Hex/Summ       0%         N/A       100%        3
 Swiftness                Air            0%         N/A       100%        3
 Freezing Cloud           Conj/Ice/Air   0%         6-21      100%        5
 Invisibility             Hex            0%         N/A       100%        6


Dungeon Overview and Level Annotations

Branches:
Dungeon (2/15)

Altars:
Qazlal

Annotations:
D:2 Natasha


Innate Abilities, Weirdness & Mutations

You have a pair of horns on your head.
You reflexively headbutt those who attack you in melee.


Message History

You resist with some effort. Natasha claws you.
You hit Natasha.
Natasha is severely wounded.
Natasha zaps a wand.
The puff of flame hits you but does no damage.
Natasha claws you.
You are too injured to fight recklessly!
You are too injured to fight recklessly!
You are too injured to fight recklessly!
You are too injured to fight recklessly!
You are too injured to fight recklessly!
You are too injured to fight recklessly!
You are too injured to fight recklessly!
You are too injured to fight recklessly!
You are too injured to fight recklessly!
You are too injured to fight recklessly!
You are too injured to fight recklessly!
You are too injured to fight recklessly!
You closely miss Natasha.
Natasha is heavily wounded.
Natasha claws you but does no damage.
Natasha zaps a wand.
The puff of flame hits you!
* * * LOW HITPOINT WARNING * * *
You closely miss Natasha.
Natasha is heavily wounded.
Natasha claws you.
* * * LOW HITPOINT WARNING * * *
Natasha barely misses you.
You closely miss Natasha.
Natasha is heavily wounded.
Natasha stares at you and mumbles some strange words.
You resist with some effort.
Natasha zaps a wand.
You block the puff of flame.
You closely miss Natasha.
Natasha is heavily wounded.
Natasha closely misses you. You furiously retaliate!
You headbutt Natasha. You block Natasha's attack.
Unknown command.
You feel very mighty all of a sudden. Natasha closely misses you.
Natasha zaps a wand.
The puff of flame hits you!
You die...

#............†.#
#........#
#.............##
#........#
##..........#.##
#........#
#...).....##..#
##########
##.###..######.# ##
#..##..(# #.# #...
..###..#######.### ...#
..........(......#....#
####..#######...@hg...#
......######...###.<..#
####.###..<..#..# #.##
#..###.######.# #
###......# .#
.....##### .# .##.## .#
##..# .. ##.## ..


You could see Natasha (fast) and a hobgoblin.

Vanquished Creatures
  Natasha (twice) (D:2)
  4 gnolls (D:2)
  3 adders (D:2)
  2 endoplasms (D:1)
  A giant cockroach (D:2)
  3 goblins
  4 hobgoblins
  2 kobolds (D:2)
  2 ball pythons
  2 bats
  2 frilled lizards
  5 rats
32 creatures vanquished.

Notes
Turn   | Place    | Note
-------+----------+-------------------------------------------
     0 | D:1      | mhtbhm the Minotaur Fighter began the quest for the Orb.
     0 | D:1      | Reached XP level 1. HP: 19/19 MP: 0/0
    82 | D:1      | Found a faded altar of an unknown god.
    91 | D:1      | Became a worshipper of Qazlal Stormbringer
    91 | D:1      | Reached * piety under Qazlal
   229 | D:1      | Reached XP level 2. HP: 27/27 MP: 1/1
   571 | D:2      | Reached XP level 3. HP: 31/33 MP: 2/2
   580 | D:2      | Reached skill level 1 in Invocations
   868 | D:2      | Reached XP level 4. HP: 18/40 MP: 3/3
  1129 | D:2      | Noticed Natasha
  1153 | D:2      | Killed Natasha
  1636 | D:2      | Noticed Natasha
  1646 | D:2      | Killed Natasha
  1647 | D:2      | Reached XP level 5. HP: 46/47 MP: 5/5
  1669 | D:2      | Noticed Natasha
  1671 | D:2      | Reached ** piety under Qazlal
  1681 | D:2      | Killed from afar by Natasha

Illustrated notes

Levels and vault maps discovered:
D:1:      dpeg_arrival_rooms_b, layout_basic, ebering_ecumenical_altar_rust
D:2:      layout_rooms, serial_shops, shop, uniq_sigmund, uniq_natasha

Skill      XL: |  1  2  3 |
---------------+----------+-----
Armour         | 4 |  4.3
Shields        | 4 |  4.3
Fighting       | 4 |  4.6
Polearms       | 3 |  3.7
Invocations    | 1 |  1.6
Dodging        | |  0.1
Stealth        | |  0.1

Action                   |  1- 3 |  4- 6 || total
-------------------------+-------+-------++-------
Melee: Trident           |    50 |    45 ||    95
       Headbutt          |     6 |     6 ||    12
  Use: Potion            |       |     1 ||     1
Armor: Scale mail        |    11 |    19 ||    30
Dodge: Dodged            |    15 |    14 ||    29
Block: Kite shield       |    21 |    27 ||    48
